 Dungeon Crawl Stone Soup version 0.23-a0-831-g5da158a (webtiles) character file.

236 varaam the Scholar of Death (level 5, -4/42 HPs)
             Began as a Deep Dwarf Necromancer on Jan 23, 2019.
             Was a Follower of Kikubaaqudgha.
             Slain by a gnoll
             ... wielding a +0 flail
              (6 damage)
             ... on level 3 of the Dungeon.
             The game lasted 00:20:22 (3425 turns).

varaam the Scholar of Death (DDNe)                  Turns: 3425, Time: 00:20:22

Health: -4/42      AC:  2    Str: 11    XL:     5   Next: 77%
Magic:  2/10       EV: 12    Int: 17    God:    Kikubaaqudgha [*.....]
Gold:   181        SH:  0    Dex: 13    Spells: 2/11 levels left

rFire    . . .     SeeInvis .   b - +1 whip (venom)
rCold    . . .     Gourm    .   (no shield)
rNeg     . . .     Faith    .   a - +0 robe
rPois    .         Spirit   .   (no helmet)
rElec    .         Reflect  .   (no cloak)
rCorr    .         Harm     .   (no gloves)
MR       .....                  (no boots)
Stlth    ++........             n - amulet of rage
HPRegen  0.00/turn              (no ring)
MPRegen  0.12/turn              (no ring)

@: non-regenerating
A: damage resistance, heal wounds, sense surroundings 1, no regeneration
a: Heal Wounds, Receive Corpses, Renounce Religion, Evoke Berserk Rage


You were on level 3 of the Dungeon.
You worshipped Kikubaaqudgha.
Kikubaaqudgha was aware of your devotion.
You were not hungry.

You visited 1 branch of the dungeon, and saw 3 of its levels.

You collected 181 gold pieces.

Inventory:

Hand Weapons
 b - a +1 whip of venom (weapon)
 e - a +0 hand axe
 m - a +0 dagger
 q - a +0 rapier
Missiles
 l - 5 needles of sleeping
 Q - 94 stones (quivered)
Armour
 a - a +0 robe (worn)
 g - a +0 buckler
Jewellery
 n - an amulet of rage (around neck)
 G - an uncursed amulet of guardian spirit {Spirit}
Wands
 d - a wand of disintegration (10)
Scrolls
 h - 2 scrolls of remove curse
 i - a scroll of identify
Potions
 f - a potion of ambrosia {unknown}
 k - a potion of curing
 o - 2 potions of lignification {unknown}
Comestibles
 c - 8 rations


   Skills:
 + Level 0.4 Maces & Flails
 - Level 2.1 Dodging
 - Level 2.4 Stealth
 + Level 3.5 Spellcasting
 * Level 6.5 Necromancy
 * Level 0.6 Evocations


You had 2 spell levels left.
You knew the following spells:

 Your Spells              Type           Power        Failure   Level  Hunger
a - Pain                  Necr           ####         1%          1    None
b - Animate Dead          Necr           N/A          12%         4    ####...
x - Vampiric Draining     Necr           ####......   3%          3    ###....
A - Animate Skeleton      Necr           N/A          1%          1    None

Your spell library contained the following spells:

 Spells                   Type           Power        Failure   Level  Hunger
 Corpse Rot               Necr           N/A          1%          2    ##.....
 Sublimation of Blood     Necr           ####......   1%          2    ##.....
 Magic Dart               Conj           #...         17%         1    None
 Blink                    Tloc           N/A          26%         2    ##.....
 Call Imp                 Summ           #.......     26%         2    ##.....
 Slow                     Hex            #.......     26%         2    ##.....
 Conjure Flame            Conj/Fire      #.......     45%         3    ###....
 Mephitic Cloud           Conj/Pois/Air  #.......     45%         3    ###....
 Regeneration             Chrm/Necr      Unusable     N/A         3    N/A

Dungeon Overview and Level Annotations

Branches:
Dungeon (3/15)

Altars:
Elyvilon
Kikubaaqudgha
Sif Muna


Innate Abilities, Weirdness & Mutations

You are resistant to damage.
You can heal yourself by infusing magical energy.
You passively map a small area around you.
You do not regenerate.


Message History

The gnoll writhes in agony!
* * * LOW MAGIC WARNING * * *
You now have 1/10 mp.
You barely miss the gnoll. The gnoll barely misses you.
You closely miss the gnoll.
The gnoll hits you from afar with a +0 spear.
The gnoll closely misses you.
You take 2 damage, and have 24/42 hp.
You completely miss the gnoll.
The gnoll hits you from afar with a +0 spear!
* * * LOW HITPOINT WARNING * * *
The gnoll hits you with a +0 flail!
* * * LOW HITPOINT WARNING * * *
You take 16 damage, and have 8/42 hp.
MASSIVE DAMAGE!!
The gnoll hits you from afar with a +0 spear!
* * * LOW HITPOINT WARNING * * *
The gnoll hits you with a +0 flail!
You die...
Kikubaaqudgha rasps: "You have failed me!
Welcome... death!"

##### ###### #...#
.. ..# ###...### #.
#.# #)......##
#.##.####.....g..#
..ยง.(..))......g.#
#g.#.######...##@###
g....# #...##.#.##
.!.### ######....#
##.# ###.## #.#
##..# .%########
##.#.## ###......#
#.#...# #......#
##...## #......#
##.##


You could see 2 gnolls.

Vault maps used:
D:1:      dpeg_arrival_arbitrary_b, serial_park_tiny_2
D:2:      kiku_gazebo_pond_becter, roderic_lattice_a, hex_intersection
D:3:      chequers_temple_overflow_statue_of_worship,
          chequers_ecumenical_altar_simple_redux, uniq_ijyb

Notes
Turn   | Place    | Note
-------+----------+-------------------------------------------
     0 | D:1      | varaam the Deep Dwarf Necromancer began the quest for the
                  | Orb.
     0 | D:1      | Reached XP level 1. HP: 15/15 MP: 3/3
    64 | D:1      | Identified a +0 club
   153 | D:1      | Learned a level 1 spell: Animate Skeleton
   381 | D:1      | Reached skill level 2 in Spellcasting
  1076 | D:2      | Identified a +0 dagger
  1084 | D:2      | Reached XP level 2. HP: 17/22 MP: 0/5
  1166 | D:2      | Identified a +0 club
  1172 | D:2      | Identified a +0 club
  1212 | D:2      | Reached skill level 5 in Necromancy
  1212 | D:2      | Reached XP level 3. HP: 12/28 MP: 1/6
  1220 | D:2      | Identified a scroll of magic mapping
  1221 | D:2      | Identified a scroll of random uselessness
  1222 | D:2      | Identified a scroll of identify
  1222 | D:2      | Identified an amulet of rage (You found it on level 2 of
                  | the Dungeon)
  1255 | D:2      | Learned a level 3 spell: Vampiric Draining
  1258 | D:2      | Identified a +0 leather armour
  1390 | D:2      | Identified a +0 hand axe (You found it on level 2 of the
                  | Dungeon)
  1816 | D:2      | Reached XP level 4. HP: 33/36 MP: 3/8
  1839 | D:2      | Found an ancient bone altar of Kikubaaqudgha.
  1849 | D:2      | Became a worshipper of Kikubaaqudgha
  2065 | D:2      | Identified an amulet of guardian spirit (You found it on
                  | level 2 of the Dungeon)
  2205 | D:2      | Identified a +0 rapier (You found it on level 2 of the
                  | Dungeon)
  2216 | D:2      | Reached skill level 3 in Spellcasting
  2243 | D:3      | Identified a +0 falchion
  2259 | D:3      | Learned a level 4 spell: Animate Dead
  2265 | D:3      | Identified a cursed -3 hand axe
  2265 | D:3      | Identified a +0 dagger
  2265 | D:3      | Identified a +0 flail
  2266 | D:3      | Identified a +0 dagger
  2271 | D:3      | Identified a +0 club
  2384 | D:3      | Found a faded altar of an unknown god.
  2417 | D:3      | Identified 2 scrolls of remove curse
  2418 | D:3      | Identified a scroll of fear
  2419 | D:3      | Identified a scroll of fog
  2420 | D:3      | Identified a scroll of immolation
  2421 | D:3      | Identified a scroll of amnesia
  2455 | D:3      | Identified a +0 flail
  2549 | D:3      | Found a white marble altar of Elyvilon.
  2549 | D:3      | Identified a +0 club
  2549 | D:3      | Identified a +0 leather armour
  2549 | D:3      | Noticed Ijyb
  2550 | D:3      | Found a deep blue altar of Sif Muna.
  2565 | D:3      | Killed Ijyb
  2690 | D:3      | Identified a +0 spear
  2691 | D:3      | Identified a +0 spear
  2691 | D:3      | Identified a +0 halberd
  2694 | D:3      | Reached XP level 5. HP: 30/42 MP: 2/9
  2703 | D:3      | Identified a +1 whip of venom
  2955 | D:3      | Identified a +0 dagger
  2955 | D:3      | Identified a +0 leather armour
  2956 | D:3      | Identified a +0 short sword
  2958 | D:3      | Reached skill level 6 in Necromancy
  2959 | D:3      | Identified a +0 mace
  2959 | D:3      | Identified a +0 chain mail
  3010 | D:3      | Identified a +0 dagger
  3025 | D:3      | Reached * piety under Kikubaaqudgha
  3025 | D:3      | Identified Kikubaaqudgha's Disquisition on Dark Magic
                  | (Kikubaaqudgha gifted it to you on level 3 of the Dungeon)
  3025 | D:3      | Received a gift from Kikubaaqudgha
  3113 | D:3      | Identified a +0 dagger
  3234 | D:3      | Identified a +0 war axe
  3248 | D:3      | HP: 9/42 [gnoll/+0 halberd (11)]
  3398 | D:3      | Identified a +0 flail
  3399 | D:3      | Identified a +0 spear
  3400 | D:3      | Identified a cursed +0 flail
  3402 | D:3      | Identified a +0 spear
  3419 | D:3      | HP: 8/42 [gnoll/+0 flail (8)]
  3425 | D:3      | HP: 2/42 [gnoll/+0 spear (6)]
  3425 | D:3      | Slain by a gnoll

Table legend:
 A = Turns spent in this place as a percentage of turns spent in the entire game.
 B = Non-inter-level travel turns spent in this place as a percentage of non-inter-level travel turns spent in the entire game.
 C = Inter-level travel turns spent in this place as a percentage of turns spent in this place.
 D = Turns resting spent in this place as a percentage of non-inter-level travel turns spent in this place.
 E = Turns spent auto-exploring this place as a percentage of non-inter-level travel turns spent in this place.
 F = Non-inter-level travel turns spent in this place divided by the number of levels of this place that you've seen.
                   A       B       C       D       E      F
               +-------+-------+-------+-------+-------+----------------------
         Total | 100.0 | 100.0 |   6.4 |   1.1 |  54.6 | 1069.0
       Dungeon | 100.0 | 100.0 |   6.4 |   1.1 |  54.6 | 1069.0
               +-------+-------+-------+-------+-------+----------------------

Table legend:
 A = Kills in this place as a percentage of kills in entire the game.
 B = Kills by you in this place as a percentage of kills by you in the entire game.
 C = Kills by friends in this place as a percentage of kills by friends in the entire game.
 D = Other kills in this place as a percentage of other kills in the entire game.
 E = Experience gained in this place as a percentage of experience gained in the entire game.
 F = Experience gained in this place divided by the number of levels of this place that you have seen.
                   A       B       C       D       E      F
               +-------+-------+-------+-------+-------+----------------------
         Total | 100.0 | 100.0 | 100.0 |   N/A | 100.0 | 112.7
       Dungeon | 100.0 | 100.0 | 100.0 |   N/A | 100.0 | 112.7
               +-------+-------+-------+-------+-------+----------------------

Skill      XL: |  1  2  3  4  5 |
---------------+----------------+-----
Spellcasting   | 2 3 |  3.5
Necromancy     | 5 6 |  6.5
Maces & Flails | |  0.4
Dodging        | |  2.1
Stealth        | |  2.4
Evocations     | |  0.6

Action                   |  1- 3 |  4- 6 || total
-------------------------+-------+-------++-------
Melee: Unarmed           |    12 |       ||    12
       Dagger            |    40 |       ||    40
       Hand axe          |     8 |    15 ||    23
       Rapier            |       |    60 ||    60
       Whip              |       |    11 ||    11
 Cast: Pain              |    34 |    26 ||    60
       Animate Skeleton  |    14 |     6 ||    20
       Vampiric Draining |     9 |    20 ||    29
       Animate Dead      |       |     3 ||     3
 Abil: Heal Wounds       |     2 |     1 ||     3
       Evoke Berserk Rag |       |     1 ||     1
  Use: Scroll            |     3 |     6 ||     9
 Stab: Distracted        |     1 |       ||     1
       Sleeping          |       |     4 ||     4
  Eat: Chunk             |     4 |     6 ||    10
       Ration            |       |     1 ||     1
Armor: Robe              |    13 |    11 ||    24
Dodge: Dodged            |    48 |    73 ||   121

Vanquished Creatures
  A scorpion (D:3)
  Ijyb (D:3)
  5 adders (D:2)
  4 gnolls (D:3)
  4 worms
  A dart slug (D:2)
  8 orcs
  7 goblins
  4 hobgoblins
  3 jackals (D:2)
  3 kobolds
  3 bats (D:3)
  A frilled lizard (D:2)
  13 rats
58 creatures vanquished.

Vanquished Creatures (collateral kills)
  A gnoll (D:3)
  A worm (D:2)
  An orc (D:3)
  2 giant cockroaches (D:2)
  A jackal (D:2)
  2 bats (D:2)
  A kobold (D:2)
9 creatures vanquished.

Grand Total: 67 creatures vanquished
